 Dungeon Crawl Stone Soup version 0.31-a0-795-g5eb97db20b (webtiles) character file.

Game seed: 5171841645246325637

1064 Newt the Poker (level 8, -16/62 HPs)
             Began as a Merfolk Gladiator on Sept 18, 2023.
             Demolished by an orc warrior
             ... wielding a +0 halberd
              (27 damage)
             ... in a bailey.
             The game lasted 00:03:43 (3405 turns).

Newt the Poker (Merfolk Gladiator)                  Turns: 3405, Time: 00:03:43

Health: -16/62     AC:  6    Str: 16    XL:     8   Next: 27%
Magic:  8/8        EV: 13    Int:  7    God:
Gold:   288        SH:  0    Dex: 16    Spells: 7/7 levels left

rFire   . . .        v - +9 war axe of Untruth {venom, Fragile rElec rPois Stlth+}
rCold   . . .        (no shield)
rNeg    . . .        g - +0 troll leather armour {Pargi}
rPois   +            c - +0 helmet
rElec   +            k - +1 cloak
rCorr   .            (no gloves)
SInv    .            (no boots)
Will    .....        (no amulet)
Stlth   ++           (no ring)
HPRegen 1.10/turn    (no ring)
MPRegen 0.11/turn

%: no passive effects
@: no status effects
A: (nimble swimmer 2), mertail
a: no special abilities


You were in a bailey.
You visited 1 branch of the dungeon, and saw 5 of its levels.
You also visited: Bailey.

You collected 288 gold pieces.

Inventory:

Hand Weapons
 a - a +0 trident of flaming
 v - the +9 war axe of Untruth (weapon) {venom, Fragile rElec rPois Stlth+}
   (You found it on level 3 of the Dungeon)

   rElec:     It insulates you from electricity.
   rPois:     It protects you from poison Fragile: It will be destroyed if
   unequipped.
   Stlth+:    It makes you more stealthy.
Missiles
 d - a throwing net (quivered)
 e - a javelin
Armour
 b - a +0 leather armour
 c - a +0 helmet (worn)
 g - a +0 troll leather armour (worn) {Pargi}
 k - a +1 cloak (worn)
 p - the +1 ring mail of True Grit {SInv}
   (You found it on level 2 of the Dungeon)

   SInv:      It lets you see invisible.
 s - a +2 ring mail of fire resistance
Jewellery
 j - a ring of magical power
Wands
 f - a wand of flame (17)
 r - a wand of iceblast (7)
 u - a wand of polymorph (6)
Potions
 h - a potion of enlightenment {unknown}
 i - a potion of resistance {unknown}
 l - a potion of curing {unknown}
 m - a potion of degeneration {unknown}
 n - a potion of mutation {unknown}
 o - a potion of brilliance {unknown}
 q - a potion of attraction {unknown}
 t - a potion of magic {unknown}
 w - a potion of haste {unknown}


   Skills:
 - Level 5.0 Fighting
 + Level 6.1(6.7) Axes
 - Level 6.4(9.0) Polearms
 - Level 2.0 Throwing
 - Level 4.0 Dodging


You had 7 spell levels left.
You didn't know any spells.
Your spell library contained the following spells:

 Spells                   Type           Power      Damage    Failure   Level
 Apportation              Tloc           0%         N/A       50%         1
 Necrotise                Necr           0%         1d4       50%         1
 Summon Small Mammal      Summ           0%         N/A       50%         1
 Sublimation of Blood     Necr           0%         N/A       65%         2
 Petrify                  Tmut/Erth      0%         N/A       99%         4
 Vhi's Electric Charge    Tloc/Air       0%         N/A       99%         4
 Arcjolt                  Conj/Air       0%         1d10      100%        5
 Irradiate                Conj/Tmut      0%         3d11      100%        5
 Plasma Beam              Fire/Air       0%         2x1d10    100%        6


Dungeon Overview and Level Annotations

Branches:
Dungeon (7/15)             Bailey (1/1)
 Temple: D:4-7

Altars:

Shops:
D:3 (

Annotations:
Bailey 2 runed translucent doors


Innate Abilities, Weirdness & Mutations

((You are very nimble when in or above water. (Stealth+, EV+, Speed+++)))
Your lower body shifts to a powerful aquatic tail in water.


Message History

The deep elf pyromancer shouts!
The orc knight closely misses you. The orc hits you with a +0 trident.
Unknown command.
You closely miss the orc knight.
The orc knight is lightly wounded.
You closely miss the orc. The orc knight barely misses you.
An orc comes into view. It is wielding a +0 halberd.
The orc warrior barely misses you. The orc barely misses you.
Unknown command.
The orc shouts!
You hit the orc knight.
The orc knight looks as sick as possible!
The orc knight is lightly wounded.
You closely miss the orc.
The orc warrior hits you from afar with a +0 halberd!
The orc barely misses you. The orc knight barely misses you.
The orc warrior hits you from afar with a +0 halberd!
* * * LOW HITPOINT WARNING * * *
The orc hits you with a +0 trident.
* * * LOW HITPOINT WARNING * * *
Unknown command.
You closely miss the orc knight.
The orc knight is moderately wounded.
You hit the orc.
You kill the orc!
The orc knight completely misses you. The orc warrior misses you.
Unknown command.
Unknown command.
Throw: 2 throwing nets
Press: ? - help, Q - select action, (/) - cycle Shift-Dir - straight line, f - orc knight
Aim: an orc knight, wielding a +0 halberd and wearing a +0 plate armour (moderately wounded, extremely poisoned, 60% to hit)
You throw a throwing net.
The throwing net completely misses the orc knight.
The orc knight misses you. The orc warrior closely misses you.
Unknown command.
The orc knight hits you with a +0 halberd.
* * * LOW HITPOINT WARNING * * *
The orc warrior attacks as it pursues you!
The orc warrior hits you from afar with a +0 halberd!!
You die...

####### ####
♣≈≈≈≈≈♣♣♣..##
.≈≈≈≈≈♣♣....
..≈≈≈≈≈♣..####
♣..≈≈≈≈♣..#$.##########.$
...≈≈≈≈...#.....)o)......
♣..≈≈≈≈.♣.##....@.o.o...#
...≈≈≈≈....#..########o.#
..######...#.8# |e..#
...........#.)#$?....#
...........'..#)?##..+oo
...........'..#!} ..+.o#
...........#..#?$ ..#..#
..######...#.8##% .##8.#
♣..≈ ≈....#..#


You could see an orc knight (very poisoned), a deep elf pyromancer, 2 orc
warriors and 4 orcs.

Vanquished Creatures
  Menkaure (D:4)
  An ice beast (D:7)
  Pargi (D:4)
  An orc warrior (Bailey)
  A phantom (D:4)
  The ghost of Savior361 the Insei, an amateur OpSh (D:3)
  2 scorpions
  A bullfrog (D:7)
  2 jellies
  2 iguanas (D:4)
  An orc wizard (D:4)
  Natasha (thrice) (D:3)
  Robin (D:4)
  3 gnolls (D:4)
  2 adders
  A worm (D:2)
  2 dart slugs (D:2)
  11 orcs
  10 ball pythons
  4 endoplasms
  4 giant cockroaches
  13 goblins
  8 hobgoblins
  6 jackals
  5 quokkas
  4 bats
  A frilled lizard (D:3)
  5 kobolds
  4 rats
101 creatures vanquished.

Notes
Turn   | Place    | Note
-------+----------+-------------------------------------------
     0 | D:1      | Newt the Merfolk Gladiator began the quest for the Orb.
     0 | D:1      | Reached XP level 1. HP: 16/16 MP: 1/1
   111 | D:1      | Reached XP level 2. HP: 24/24 MP: 2/2
   267 | D:1      | Found a faded altar of an unknown god.
   416 | D:1      | Reached XP level 3. HP: 30/30 MP: 3/3
   904 | D:2      | Identified the +1 ring mail of True Grit {SInv}
  1276 | D:2      | Reached XP level 4. HP: 38/38 MP: 4/4
  1717 | D:3      | Noticed Natasha
  1722 | D:3      | Killed Natasha
  1723 | D:3      | Reached skill level 5 in Fighting
  1733 | D:3      | Noticed Savior361's ghost (amateur OpSh)
  1750 | D:3      | Found a runed translucent gate.
  1752 | D:3      | Found a runed translucent gate.
  1753 | D:3      | Found a runed translucent gate.
  1849 | D:3      | Noticed Natasha
  1858 | D:3      | Killed Natasha
  1910 | D:3      | Found Eread's Weapon Shoppe.
  1984 | D:3      | Noticed Natasha
  2003 | D:3      | Killed Natasha
  2004 | D:3      | Reached skill level 5 in Polearms
  2004 | D:3      | Reached XP level 5. HP: 14/44 MP: 5/5
  2296 | D:3      | Killed Savior361's ghost
  2298 | D:3      | Identified the +9 war axe of Untruth {venom, Fragile rElec
                  | rPois Stlth+}
  2349 | D:4      | Reached skill level 1 in Axes
  2349 | D:4      | Reached XP level 6. HP: 34/51 MP: 6/6
  2351 | D:4      | Noticed Robin
  2366 | D:4      | Killed Robin
  2592 | D:4      | Reached XP level 7. HP: 55/56 MP: 7/7
  2612 | D:4      | Noticed Menkaure
  2635 | D:4      | Killed Menkaure
  2723 | D:4      | Noticed Pargi
  2729 | D:4      | Killed Pargi
  2809 | D:4      | You fall into a shaft and drop 3 floors!
  2862 | D:7      | Reached skill level 5 in Axes
  2988 | D:7      | Reached XP level 8. HP: 60/62 MP: 8/8
  3005 | D:7      | HP: 2/62 [scorpion (5)]
  3013 | D:7      | Found a flagged portal.
  3020 | Bailey   | Entered a bailey
  3392 | Bailey   | Found a large runed translucent door.
  3392 | Bailey   | Found a large runed translucent door.
  3392 | Bailey   | Noticed an orc knight
  3393 | Bailey   | Noticed a deep elf pyromancer
  3405 | Bailey   | Demolished by an orc warrior

Illustrated notes

Levels and vault maps discovered:
D:1:      giann_wishing_wells, layout_rooms,
          shapermc_ecumenical_altar_mp_urbaneastern, minmay_misc_feat_rugged
D:2:      layout_basic
D:3:      layout_basic, gammafunk_ghost_split, serial_shops,
          nicolae_shop_real_fake_doors, uniq_natasha
D:4:      layout_rooms, uniq_robin, uniq_menkaure, uniq_pargi,
          uniq_crazy_yiuf_cottage
D:7:      layout_layer_cave, enter_bailey_4
Bailey:   bailey_polearm_elven_captive_hellmonk, bailey

Skill      XL: |  1  2  3  4  5  6  7  8 |
---------------+-------------------------+-----
Fighting       | 3 4 5 |  5.0
Polearms       | 5 6 |  6.4
Axes           | 1 3 5 6 |  6.1
Throwing       | |  2.0
Dodging        | |  4.0

Action                     |  1- 3 |  4- 6 |  7- 9 || total
---------------------------+-------+-------+-------++-------
  Melee: Trident           |   123 |    48 |       ||   171
         Punch             |     2 |     1 |       ||     3
         Unarmed           |       |    13 |       ||    13
         War axe           |       |    42 |    51 ||    93
  Throw: Throwing net      |       |       |     2 ||     2
  Evoke: Wand              |       |     1 |     3 ||     4
    Use: Scroll            |       |     7 |     1 ||     8
         Potion            |       |       |     2 ||     2
   Stab: Invisible         |       |       |     2 ||     2
         Sleeping          |       |       |     1 ||     1
 Armour: Leather armour    |    35 |       |       ||    35
         Ring mail         |    21 |    61 |    23 ||   105
         Skin              |       |     5 |       ||     5
         Troll leather arm |       |       |    27 ||    27
  Dodge: Dodged            |    73 |    51 |    62 ||   186

Table legend: (Time is in decaauts)
 A = Elapsed time spent in this place.
 B = Non-inter-level travel time spent in this place.
 C = Inter-level travel time spent in this place.
 D = Time resting spent in this place.
 E = Time spent auto-exploring this place.
 F = Levels seen in this place.
 G = Mean time per level.
                   A        B        C        D        E       F      G
               +--------+--------+--------+--------+--------+-----+--------+
         Total |   3455 |   3371 |     84 |    613 |   2129 |   6 |  575.8 |
       Dungeon |   3071 |   2987 |     84 |    272 |   2110 |   5 |  614.2 |
        Bailey |    383 |    383 |      0 |    341 |     19 |   1 |  383.0 |
               +--------+--------+--------+--------+--------+-----+--------+

Top non-repeatable levels by time:
     D:3: 962 daAuts
     D:2: 835 daAuts
     D:1: 576 daAuts
     D:4: 484 daAuts
  Bailey: 383 daAuts
     D:7: 212 daAuts
